 Dungeon Crawl Stone Soup version 0.30-a0-358-g0d69a1922f (webtiles) character file.

Game seed: 8248230224309198862

1074 snetch the Cleaver (level 8, -2/71 HPs)
             Began as a Minotaur Berserker on Nov 8, 2022.
             Was a Priest of Trog.
             Killed from afar by an orc (18 damage)
             ... with a bolt of acid
             ... on level 7 of the Dungeon.
             The game lasted 00:13:28 (4008 turns).

snetch the Cleaver (Minotaur Berserker)             Turns: 4008, Time: 00:13:29

Health: -2/71      AC:  8    Str: 31    XL:     8   Next: 7%
Magic:  7/7        EV: 11    Int:  4    God:    Trog [***...]
Gold:   214        SH:  5    Dex:  9    Spells: 7/7 levels left

rFire   . . .      SeeInvis .    a - +0 war axe
rCold   + . .      Faith    .    (no shield)
rNeg    . . .      Spirit   .    F - +2 scale mail {rC+}
rPois   .          Reflect  +    (helmet restricted)
rElec   .          Harm     .    t - +0 cloak
rCorr   .          Rampage  .    (no gloves)
Will    .....                    J - +0 pair of boots
Stlth   ..........               m - amulet of reflection
HPRegen 0.31/turn                h - +6 ring of strength
MPRegen 0.10/turn                (no ring)

@: corroded, on berserk cooldown, slowed, very slow
A: horns 2, retaliatory headbutt
a: Renounce Religion, Berserk, Trog's Hand


You were on level 7 of the Dungeon.
You worshipped Trog.
Trog was most pleased with you.
You visited 2 branches of the dungeon, and saw 8 of its levels.

You collected 214 gold pieces.

Inventory:

Hand Weapons
 a - a +0 war axe (weapon)
 s - a +3 quarterstaff of chaos
 u - a +2 hammer of holy wrath
 w - a +0 flail of protection
 x - a +0 halberd
 A - a +0 sling of flaming
 G - a +2 falchion of electrocution
 H - a +0 trident
Missiles
 k - a throwing net
 l - 37 stones (quivered)
Armour
 g - a +0 chain mail
 t - a +0 cloak (worn)
 D - a +1 ring mail of poison resistance
 F - a +2 scale mail of cold resistance (worn)
 J - a +0 pair of boots (worn)
 L - +0 steam dragon scales
Jewellery
 h - a +6 ring of strength (left hand)
 m - an amulet of reflection (around neck)
Wands
 y - a wand of roots (12)
 E - a wand of flame (4)
 K - a wand of digging (6)
Scrolls
 b - a scroll of enchant weapon {unknown}
 c - a scroll of noise {unknown}
 d - 6 scrolls of teleportation {unknown}
 i - 2 scrolls of enchant armour {unknown}
 o - 2 scrolls of immolation {unknown}
 q - 2 scrolls of identify {unknown}
 r - a scroll of poison {unknown}
 z - a scroll of acquirement {unknown}
 B - 2 scrolls of butterflies {unknown}
 C - 2 scrolls of fear {unknown}
 I - a scroll of vulnerability {unknown}
Potions
 e - 2 potions of flight {unknown}
 f - 3 potions of lignification {unknown}
 j - 2 potions of attraction {unknown}
 n - 7 potions of curing {unknown}
 p - 2 potions of brilliance {unknown}
 v - 4 potions of heal wounds {unknown}


   Skills:
 + Level 6.3 Fighting
 + Level 8.5 Axes
 + Level 5.5 Armour
 + Level 3.4 Dodging
 + Level 1.0 Stealth
 + Level 1.5 Shields


You had 7 spell levels left.
You didn't know any spells.
Your spell library contained the following spells:

 Spells                   Type           Power      Damage    Failure   Level
 Kindle Blastsparks       Fire/Tloc/Air  0%         2d10      97%         3
 Ozocubu's Armour         Ice            0%         N/A       97%         3
 Fulminant Prism          Conj/Hex       0%         3d5       100%        4
 Iskenderun's Mystic Bla  Conj/Tloc      0%         2d3       100%        4
 Lee's Rapid Deconstruct  Erth           0%         3d4*      100%        5
 Ozocubu's Refrigeration  Ice            0%         4d7       100%        7


Dungeon Overview and Level Annotations

Branches:
Dungeon (7/15)             Temple (1/1) D:4

Altars:
Ashenzari
Dithmenos
Elyvilon
Fedhas
Gozag
Kikubaaqudgha
Makhleb
Okawaru
Qazlal
Trog
Uskayaw
Vehumet
Wu Jian
Yredelemnul
The Shining One

Shops:
D:5 (


Innate Abilities, Weirdness & Mutations

You have a pair of horns on your head.
You reflexively headbutt those who attack you in melee.


Message History

* * * LOW HITPOINT WARNING * * *
You block the steam dragon's attack.
The steam dragon claws you but does no damage.
You barely miss the steam dragon.
The steam dragon is heavily wounded.
The steam dragon bites you.
* * * LOW HITPOINT WARNING * * *
The steam dragon closely misses you.
You slash the steam dragon!
You kill the steam dragon!
Trog accepts your kill.
The steam dragon scales are intact enough to wear.
You have reached level 8!
You feel stronger.
Things that are here:
+0 steam dragon scales; a steam dragon corpse L - +0 steam dragon scales You feel a strong urge to attack something.
You feel your anger nearly subside.
You are no longer berserk.
You are exhausted.
You feel yourself slow down.
There is a stone staircase leading up here.
You start resting.
An orc comes into view.
It is wielding a +0 hand axe and carrying a wand of acid (9).
You are too injured to fight recklessly!
Throw: 38 stones
Press: ? - help, Q - select action, (/) - cycle Shift-Dir - straight line, f - orc
Aim: an orc, wielding a +0 hand axe, wearing a +0 leather armour and carrying a wand of acid (9) (wandering, hasn't noticed you, 57% to hit)
You throw a stone. The stone closely misses the orc.
An orc comes into view. It is wielding a +0 falchion.
The orc zaps a wand.
The bolt of acid hits you.
* * * LOW HITPOINT WARNING * * *
The acid corrodes you!
The orc shouts!
You closely miss the orc.
You hear a shout!
The orc barely misses you.
You hit the orc but do no damage. Your headbutt misses the orc.
The orc zaps a wand.
The bolt of acid hits you!!
You die...

#.......# ....# #.......#
<...#
#.......#######....#
#.......#.....#....###
#..........#..#.......
#.......##.#..#.......
.###...†..<...#..#.......
..............†))........
###.......@..............
.......[..o.#...)........
......###...#............
...... .....#.....##.....
.......................>.
.........o..#.....##.##.#
......##..........# . ..
.. ##...###.### ###. #.#


You could see 2 orcs.

Vanquished Creatures
  A steam dragon (D:7)
  Menkaure (D:4)
  A sky beast (D:7)
  A necrophage (D:6)
  A bullfrog (D:3)
  4 hounds
  An orc priest (D:4)
  Crazy Yiuf (D:3)
  Ijyb (D:4)
  Natasha (thrice) (D:4)
  4 orc wizards
  Robin (D:3)
  4 gnolls (D:3)
  5 adders
  A shadow imp (D:6)
  A worm (D:5)
  3 dart slugs
  14 orcs
  7 ball pythons
  9 bats
  7 endoplasms
  5 giant cockroaches
  15 goblins
  11 hobgoblins
  5 jackals
  7 quokkas
  5 frilled lizards
  9 kobolds
  6 rats
134 creatures vanquished.

Notes
Turn   | Place    | Note
-------+----------+-------------------------------------------
     0 | D:1      | snetch the Minotaur Berserker began the quest for the Orb.
     0 | D:1      | Reached XP level 1. HP: 19/19 MP: 0/0
   237 | D:1      | Reached XP level 2. HP: 27/27 MP: 1/1
   329 | D:1      | Found a faded altar of an unknown god.
   339 | D:1      | Reached skill level 4 in Axes
   926 | D:2      | Reached XP level 3. HP: 33/33 MP: 2/2
   964 | D:2      | Reached ** piety under Trog
  1206 | D:2      | Found an ancient bone altar of Kikubaaqudgha.
  1558 | D:4      | Noticed Menkaure
  1558 | D:4      | Noticed a bullfrog
  1615 | D:3      | Killed a bullfrog
  1616 | D:3      | Reached skill level 5 in Axes
  1616 | D:3      | Reached XP level 4. HP: 41/41 MP: 3/3
  1673 | D:4      | Killed Menkaure
  1674 | D:4      | Reached skill level 5 in Fighting
  1674 | D:4      | Reached XP level 5. HP: 23/48 MP: 4/4
  1769 | D:3      | Found a runed translucent door.
  1770 | D:3      | Noticed Crazy Yiuf
  1777 | D:3      | Killed Crazy Yiuf
  1778 | D:3      | Reached XP level 6. HP: 39/56 MP: 5/5
  1915 | D:3      | Noticed Robin
  1929 | D:3      | Killed Robin
  1999 | D:3      | Reached skill level 6 in Axes
  2198 | D:4      | Found a stormy altar of Qazlal.
  2198 | D:4      | Found a broken altar of Ashenzari.
  2588 | D:3      | Reached *** piety under Trog
  2888 | D:4      | Noticed Ijyb
  2902 | D:4      | Killed Ijyb
  3221 | D:5      | Entered Level 5 of the Dungeon
  3271 | D:5      | Reached skill level 7 in Axes
  3271 | D:5      | Reached XP level 7. HP: 58/61 MP: 6/6
  3330 | D:4      | Found a staircase to the Ecumenical Temple.
  3420 | D:4      | Noticed Natasha
  3427 | D:4      | Killed Natasha
  3436 | D:4      | Noticed Natasha
  3437 | Temple   | Entered the Ecumenical Temple
  3557 | D:4      | Killed Natasha
  3577 | D:4      | Noticed Natasha
  3580 | D:4      | Killed Natasha
  3611 | D:4      | Found a bloodstained altar of Trog.
  3730 | D:5      | Found Yvemur's Weapon Emporium.
  3769 | D:5      | Reached skill level 1 in Shields
  3845 | D:6      | Found a shadowy altar of Dithmenos.
  3852 | D:6      | Reached skill level 1 in Stealth
  3865 | D:6      | Reached skill level 5 in Armour
  3890 | D:6      | Reached **** piety under Trog
  3923 | D:7      | Reached skill level 8 in Axes
  3972 | D:7      | Noticed a steam dragon
  3987 | D:7      | Killed a steam dragon
  3988 | D:7      | Reached XP level 8. HP: 13/71 MP: 7/7
  4008 | D:7      | Killed from afar by an orc

Illustrated notes

Levels and vault maps discovered:
D:1:      minmay_arrival_widening_spiral_wide, layout_rooms,
          hellmonk_ecumenical_altar_zigzags
D:2:      layout_basic, basic_altar
D:3:      minmay_chambers_of_threes, layout_loops_ring, uniq_crazy_yiuf_cottage,
          uniq_robin
D:4:      layout_rooms, chequers_temple_overflow_statue_of_worship,
          trog_butcher_becter, minmay_temple_entry_large_hall, fountainhead,
          minmay_cut_off, uniq_menkaure, uniq_ijyb, uniq_natasha
D:5:      layout_basic, serial_shops, shop
D:6:      layout_basic, nicolae_ru_sacrificial_ziggurat,
          nicolae_dithmenos_shadow_blocks, lemuel_tele_altar
D:7:      layout_basic, nemelex_diamond_rough_becter
Temple:   chequers_temple_sunken

Skill      XL: |  1  2  3  4  5  6  7 |
---------------+----------------------+-----
Fighting       | 4 5 6 |  6.3
Axes           | 4 5 7 8 |  8.5
Armour         | 3 4 5 |  5.5
Dodging        | 3 |  3.4
Shields        | 1 |  1.5
Stealth        | 1 |  1.0

Action                   |  1- 3 |  4- 6 |  7- 9 || total
-------------------------+-------+-------+-------++-------
Melee: Hand axe          |    64 |     8 |       ||    72
       Headbutt          |     6 |    16 |    15 ||    37
       Punch             |     1 |     1 |     1 ||     3
       War axe           |       |   126 |    88 ||   214
Throw: Stone             |       |       |     1 ||     1
Invok: Berserk           |     1 |       |     1 ||     2
       Trog's Hand       |       |       |     1 ||     1
Armor: Chain mail        |    24 |    49 |    20 ||    93
       Scale mail        |       |       |    41 ||    41
Dodge: Dodged            |    34 |    51 |    46 ||   131
Block: Other             |     7 |    17 |    18 ||    42
       Reflection        |       |     1 |     2 ||     3

Table legend: (Time is in decaauts)
 A = Elapsed time spent in this place.
 B = Non-inter-level travel time spent in this place.
 C = Inter-level travel time spent in this place.
 D = Time resting spent in this place.
 E = Time spent auto-exploring this place.
 F = Levels seen in this place.
 G = Mean time per level.
                   A        B        C        D        E       F      G
               +--------+--------+--------+--------+--------+-----+--------+
         Total |   4125 |   3818 |    307 |    120 |   2295 |   8 |  515.6 |
       Dungeon |   3957 |   3673 |    284 |    120 |   2295 |   7 |  565.3 |
        Temple |    168 |    145 |     23 |      0 |      0 |   1 |  168.0 |
               +--------+--------+--------+--------+--------+-----+--------+

Top non-repeatable levels by time:
     D:3: 1301 daAuts
     D:4: 826 daAuts
     D:2: 767 daAuts
     D:1: 708 daAuts
     D:5: 178 daAuts
  Temple: 168 daAuts
     D:7: 119 daAuts
     D:6: 55 daAuts
